 Dungeon Crawl Stone Soup version 0.30-a0-269-gf0224bf7b6 (webtiles) character file.

Game seed: 8479667337684192245

2548 123456 the Geomancer (level 9, -1/45 HPs)
             Began as a Gargoyle Earth Elementalist on Oct 14, 2022.
             Slain by a boulder beetle (15 damage)
             ... on level 7 of the Dungeon.
             The game lasted 00:10:35 (6031 turns).

123456 the Geomancer (Gargoyle Earth Elementalist)  Turns: 6031, Time: 00:10:36

Health: -1/45      AC: 12    Str: 12    XL:     9   Next: 56%
Magic:  21/28      EV: 16    Int: 20    God:
Gold:   469        SH:  0    Dex: 10    Spells: 17/21 levels left

rFire   . . .      SeeInvis .    B - +10 dark maul {vorpal}
rCold   . . .      Faith    .    (shield currently unavailable)
rNeg    + . .      Spirit   .    v - +0 troll leather armour {Pargi}
rPois   ∞          Reflect  .    (no helmet)
rElec   +          Harm     .    A - +1 cloak {rCorr}
rCorr   +          Rampage  .    (no gloves)
Will    .....                    (no boots)
Stlth   ++........               u - amulet of magic regeneration
HPRegen 1.07/turn                p - ring of magical power
MPRegen 0.61/turn                o - +4 ring of evasion

@: no status effects
A: sickness immunity, AC +6, negative energy resistance 1, electricity
resistance, torment resistance 1, petrification resistance
a: no special abilities


You were on level 7 of the Dungeon.
You visited 2 branches of the dungeon, and saw 8 of its levels.
You also visited: Sewer.

You collected 469 gold pieces.

Inventory:

Hand Weapons
 a - the +4 hand axe "Lacertilianbane" {protect, rN+ rCorr}
   (You found it on level 2 of the Dungeon)

   It grants its wielder temporary protection when it strikes (+7 to AC).
   rN:        It protects you from negative energy.
   rCorr:     It protects you from acid and corrosion.
 j - a +2 short sword of flaming
 B - the +10 dark maul (weapon) {vorpal}
   (You found it on level 5 of the Dungeon)

   It inflicts extra damage upon your enemies.
Armour
 m - a +0 robe
 q - a scarf of repulsion
 v - a +0 troll leather armour (worn) {Pargi}
 A - a +1 cloak of preservation (worn)
Jewellery
 o - a +4 ring of evasion (right hand)
 p - a ring of magical power (left hand)
 u - an amulet of magic regeneration (around neck)
 z - a ring of flight
Wands
 n - a wand of paralysis (21)
 y - a wand of mindburst (14)
Scrolls
 d - a scroll of fear
 g - a scroll of poison
 i - a scroll of summoning
 x - a scroll of teleportation
 C - a scroll of vulnerability
 D - a scroll of silence {unknown}
 E - a scroll of amnesia {unknown}
Potions
 b - 2 potions of magic
 c - a potion of mutation {unknown}
 e - 4 potions of attraction {unknown}
 f - a potion of haste {unknown}
 h - a potion of might {unknown}
 k - 4 potions of curing
 l - a potion of flight {unknown}
 r - a potion of degeneration {unknown}
 s - 2 potions of heal wounds
 t - 2 potions of berserk rage
 w - a potion of lignification {unknown}


   Skills:
 + Level 4.4 Dodging
 - Level 5.0 Stealth
 * Level 6.8 Spellcasting
 + Level 4.7 Conjurations
 - Level 0.7 Transmutations
 * Level 9.2 Earth Magic


You had 17 spell levels left.
You knew the following spells:

 Your Spells              Type           Power      Damage    Failure   Level
a - Sandblast             Erth           86%        2d18      1%          1
b - Stone Arrow           Conj/Erth      68%        3d11      1%          3

Your spell library contained the following spells:

 Spells                   Type           Power      Damage    Failure   Level
 Passwall                 Tmut/Erth      21%        N/A       2%          2
 Petrify                  Tmut/Erth      26%        N/A       16%         4
 Ensorcelled Hibernation  Hex/Ice        12%        N/A       19%         2
 Ignite Poison            Fire/Tmut/Pois 7%         N/A       32%         3
 Kindle Blastsparks       Fire/Tloc/Air  12%        2d11      36%         3
 Swiftness                Air            6%         N/A       36%         3
 Anguish                  Hex/Necr       3%         N/A       77%         4
 Freezing Cloud           Conj/Ice/Air   6%         6-21      87%         5
 Enfeeble                 Hex            3%         N/A       100%        7


Dungeon Overview and Level Annotations

Branches:
Dungeon (7/15)             Temple (1/1) D:5           Sewer (visited)

Altars:
Ashenzari
Cheibriados
Dithmenos
Elyvilon
Fedhas
Gozag
Kikubaaqudgha
Nemelex Xobeh
Okawaru
Ru
Trog
Uskayaw
Vehumet
Wu Jian
Xom
The Shining One

Shops:
D:3 *


Innate Abilities, Weirdness & Mutations

You are immune to sickness and miasma.
Your stone body is resilient. (AC +6)
You are immune to poison.
You resist negative energy. (rN+)
You are resistant to electric shocks. (rElec)
You are resistant to unholy torment.
You are immune to petrification.


Message History

Aim: a boulder beetle (lightly wounded, 100% to hit)
The stone arrow hits the boulder beetle!
The boulder beetle is moderately wounded.
The boulder beetle bites you but does no damage.
Unknown command.
You hammer the boulder beetle like a gong!!!
The boulder beetle is severely wounded.
The boulder beetle bites you!
The boulder beetle leaps!
The boulder beetle bites you!
* * * LOW HITPOINT WARNING * * *
You hit the boulder beetle but do no damage.
The boulder beetle is severely wounded.
The boulder beetle bites you!
* * * LOW HITPOINT WARNING * * *
The boulder beetle leaps!
Casting: Stone Arrow (safe; 1% risk of failure)
Confirm with . or Enter, or press ? or * to list all spells.
Aiming: Stone Arrow (safe; 1% risk of failure)
Press: ? - help, Shift-Dir - straight line, f/p - boulder beetle
Aim: a boulder beetle (severely wounded, 100% to hit)
The stone arrow hits the boulder beetle!
The boulder beetle is almost dead.
Unknown command.
Casting: Stone Arrow (safe; 1% risk of failure)
Confirm with . or Enter, or press ? or * to list all spells.
Aiming: Stone Arrow (safe; 1% risk of failure)
Press: ? - help, Shift-Dir - straight line, f/p - boulder beetle
Aim: a boulder beetle (almost dead, 100% to hit)
The stone arrow hits the boulder beetle but does no damage.
The boulder beetle is almost dead.
Unknown command.
Casting: Stone Arrow (safe; 1% risk of failure)
Confirm with . or Enter, or press ? or * to list all spells.
Aiming: Stone Arrow (safe; 1% risk of failure)
Press: ? - help, Shift-Dir - straight line, f/p - boulder beetle
Aim: a boulder beetle (almost dead, 100% to hit)
The stone arrow hits the boulder beetle but does no damage.
The boulder beetle is almost dead.
The boulder beetle bites you!
You die...

#.......#
#######.###############
#...............#
#........######.#
#...............
##.......######.
#.....#......#
#.......####.#
#...B@..# #.......##.#
###..........#
.........#####
#......./.# #.....##+##
#..... #..... ..(.


You could see a boulder beetle.

Vanquished Creatures
  The ghost of Darkkill the Shooter, a novice HuHu of Nemelex Xobeh (D:6)
  A water moccasin (D:5)
  Pargi (Sewer)
  3 ice beasts
  An ogre (D:5)
  2 phantoms
  A kobold brigand (D:6)
  A bullfrog (D:7)
  A necrophage (D:6)
  2 scorpions
  A howler monkey (D:6)
  A jelly (D:7)
  5 hounds
  Crazy Yiuf (D:4)
  5 orc priests
  A gnoll bouda (D:6)
  Natasha (twice) (D:2)
  An iguana (D:6)
  5 orc wizards
  8 gnolls
  13 adders
  4 river rats (D:5)
  5 worms
  A dart slug (D:4)
  25 orcs
  3 ball pythons
  6 bats
  9 endoplasms
  4 goblins
  3 hobgoblins
  7 jackals
  21 kobolds
  5 quokkas (D:1)
  3 frilled lizards
  8 rats
161 creatures vanquished.

Vanquished Creatures (others)
  A human (D:6)
  4 fungi (D:4)
5 creatures vanquished.

Grand Total: 166 creatures vanquished

Notes
Turn   | Place    | Note
-------+----------+-------------------------------------------
     0 | D:1      | 123456 the Gargoyle Earth Elementalist began the quest for
                  | the Orb.
     0 | D:1      | Reached XP level 1. HP: 10/10 MP: 3/3
   196 | D:1      | Reached XP level 2. HP: 15/15 MP: 0/5
   499 | D:1      | Reached skill level 4 in Earth Magic
   837 | D:1      | Reached XP level 3. HP: 19/19 MP: 4/6
   841 | D:1      | Learned a level 3 spell: Stone Arrow
  1351 | D:2      | Reached XP level 4. HP: 17/24 MP: 1/8
  1614 | D:2      | Found a faded altar of an unknown god.
  1619 | D:2      | Noticed Natasha
  1622 | D:2      | Killed Natasha
  1649 | D:2      | Identified the +4 hand axe "Lacertilianbane" {protect, rN+
                  | rCorr}
  1687 | D:2      | Reached XP level 5. HP: 28/28 MP: 7/9
  1874 | D:2      | Noticed Natasha
  1881 | D:2      | Killed Natasha
  1882 | D:2      | Reached skill level 5 in Earth Magic
  2130 | D:3      | Found Vatiod Pafa's General Store.
  2449 | D:3      | Found a snail-covered altar of Cheibriados.
  2572 | D:3      | Found a sparkling altar of Nemelex Xobeh.
  2682 | D:4      | Reached skill level 1 in Conjurations
  2682 | D:4      | Reached XP level 6. HP: 32/32 MP: 11/11
  2837 | D:4      | You fall into a shaft and drop 2 floors!
  2951 | D:6      | Reached XP level 7. HP: 17/36 MP: 13/13
  3243 | D:6      | Found an ancient bone altar of Kikubaaqudgha.
  3246 | D:5      | Entered Level 5 of the Dungeon
  3340 | D:5      | Reached skill level 6 in Earth Magic
  3390 | D:5      | Found a glowing drain.
  3429 | Sewer    | Entered a sewer
  3483 | Sewer    | Noticed Pargi
  3490 | Sewer    | Killed Pargi
  3661 | D:5      | Found an ornate altar of the Wu Jian Council.
  4198 | D:4      | Found a runed translucent door.
  4199 | D:4      | Noticed Crazy Yiuf
  4205 | D:4      | Killed Crazy Yiuf
  4270 | D:5      | Reached XP level 8. HP: 41/41 MP: 15/15
  4274 | D:5      | Reached skill level 7 in Earth Magic
  4278 | D:5      | Reached skill level 5 in Spellcasting
  4374 | D:5      | Reached skill level 5 in Stealth
  4395 | D:5      | Found a shadowy altar of Dithmenos.
  4493 | D:5      | Found a broken altar of Ashenzari.
  4572 | D:5      | Found a staircase to the Ecumenical Temple.
  4582 | Temple   | Entered the Ecumenical Temple
  4708 | D:5      | Found the +10 dark maul {vorpal}
  5200 | D:6      | Reached skill level 8 in Earth Magic
  5247 | D:6      | Found a runed translucent door.
  5251 | D:6      | Noticed Darkkill's ghost (novice HuHu)
  5265 | D:6      | Reached XP level 9. HP: 45/45 MP: 17/17
  5612 | D:6      | Killed Darkkill's ghost
  5779 | D:7      | Reached skill level 9 in Earth Magic
  5998 | D:7      | Noticed a boulder beetle
  6031 | D:7      | Slain by a boulder beetle

Illustrated notes

Levels and vault maps discovered:
D:1:      dpeg_arrival_houses_and_road, layout_loops_ring
D:2:      layout_rooms, nicolae_ecumenical_oubliette, serial_park_tiny_1,
          grunt_decor_fettered, uniq_natasha
D:3:      layout_basic, nemelex_dance_club_becter, general_overflow_altar,
          serial_shops, shop
D:4:      layout_basic, grunt_ministairs_10, minmay_misc_feat_iff,
          uniq_crazy_yiuf_cottage
D:5:      layout_gridville, mainiacjoe_overflow_brackets,
          mainiacjoe_overflow_24_doors, nicolae_overflow_hidden_temple,
          minmay_temple_entry_statues_pillars, lightli_sewer_entry_pipes
D:6:      layout_loops_cross, tgw_kikubaaqudgha, ebering_ghost_reflecting_pool,
          nicolae_eternal_life, supply_closet_lemuel, item_on_display_a
D:7:      layout_basic, hangedman_decor_slide_cut, uniq_duvessa
Temple:   nicolae_temple_two_arcs

Skill      XL: |  1  2  3  4  5  6  7  8  9 |
---------------+----------------------------+-----
Earth Magic    | 4 5 6 8 9 |  9.2
Dodging        | 2 3 4 |  4.4
Stealth        | 3 4 5 |  5.0
Spellcasting   | 3 4 5 6 |  6.8
Conjurations   | 1 2 3 4 |  4.7
Transmutations | |  0.7

Action                   |  1- 3 |  4- 6 |  7- 9 || total
-------------------------+-------+-------+-------++-------
Melee: Short sword       |     8 |     2 |       ||    10
       Hand axe          |       |    12 |    27 ||    39
       Maul              |       |       |    48 ||    48
 Cast: Sandblast         |    49 |    59 |   103 ||   211
       Stone Arrow       |       |       |    23 ||    23
  Use: Scroll            |       |     4 |     7 ||    11
       Potion            |       |     2 |       ||     2
 Stab: Sleeping          |       |       |     1 ||     1
Armor: Robe              |    12 |    21 |    12 ||    45
       Troll leather arm |       |       |    56 ||    56
Dodge: Dodged            |    20 |    51 |   148 ||   219

Table legend: (Time is in decaauts)
 A = Elapsed time spent in this place.
 B = Non-inter-level travel time spent in this place.
 C = Inter-level travel time spent in this place.
 D = Time resting spent in this place.
 E = Time spent auto-exploring this place.
 F = Levels seen in this place.
 G = Mean time per level.
                   A        B        C        D        E       F      G
               +--------+--------+--------+--------+--------+-----+--------+
         Total |   6286 |   6048 |    238 |    371 |   4351 |   9 |  698.4 |
       Dungeon |   6019 |   5786 |    233 |    356 |   4167 |   7 |  859.9 |
        Temple |    122 |    117 |      5 |      0 |    106 |   1 |  122.0 |
         Sewer |    144 |    144 |      0 |     15 |     78 |   1 |  144.0 |
               +--------+--------+--------+--------+--------+-----+--------+

Top non-repeatable levels by time:
     D:6: 1187 daAuts
     D:1: 1148 daAuts
     D:5: 995 daAuts
     D:2: 802 daAuts
     D:3: 746 daAuts
     D:4: 727 daAuts
     D:7: 411 daAuts
   Sewer: 144 daAuts
  Temple: 122 daAuts
